 Dungeon Crawl Stone Soup version 0.26-a0-818-g75db068ed4 (webtiles) character file.

Game seed: 15714259418240791929

2876 marklar909 the Transmogrifier (level 9, -7/74 HPs)
             Began as a Grey Draconian Transmuter on Nov 14, 2020.
             Was a Believer of Makhleb.
             Splashed by Harold's acid (9 damage)
             ... on level 8 of the Dungeon.
             The game lasted 00:10:15 (9021 turns).

marklar909 the Transmogrifier (DrTm)                Turns: 9021, Time: 00:10:15

Health: -7/74      AC:  8    Str: 12    XL:     9   Next: 48%
Magic:  10/12      EV:  8    Int: 14    God:    Makhleb [**....]
Gold:   208        SH:  0    Dex: 15    Spells: 4/12 levels left

rFire    + . .     SeeInvis .     - Unarmed
rCold    + . .     Faith    .   a - +2 buckler
rNeg     . . .     Spirit   .   (armour unavailable)
rPois    .         Reflect  .   (helmet currently unavailable)
rElec    .         Harm     .   t - scarf {rC+ rF+}
rCorr    .         Rampage  .   (no gloves)
MR       .....                  (boots currently unavailable)
Stlth    ++........             (no amulet)
HPRegen  0.22/turn              n - ring of wizardry
MPRegen  0.13/turn              m - +4 ring of protection

@: appendages, wereblooded, corroded, held
A: walk through water, unfitting armour, horns 2, talons 2, unbreathing,
cold-blooded, AC +12
a: End Transformation, Minor Destruction, Renounce Religion


You were on level 8 of the Dungeon.
You worshipped Makhleb.
Makhleb was pleased with you.
You had grown temporary horns.
You had grown temporary talons.
You visited 1 branch of the dungeon, and saw 8 of its levels.

You collected 328 gold pieces.
You spent 120 gold pieces at shops.

Inventory:

Armour
 a - a +2 buckler (worn)
 t - a scarf of resistance (worn)
Jewellery
 m - a +4 ring of protection (right hand)
 n - a ring of wizardry (left hand)
 x - an uncursed ring of resist corrosion {unknown}
 B - a +4 ring of protection
Wands
 i - a wand of polymorph (4)
Scrolls
 b - 8 scrolls of identify
 d - a scroll of immolation {unknown}
 g - 2 scrolls of blinking {unknown}
 h - a scroll of enchant weapon {unknown}
 j - 8 scrolls of teleportation {unknown}
 l - a scroll of fear {unknown}
 o - 2 scrolls of amnesia {unknown}
 r - 2 scrolls of remove curse {unknown}
 s - a scroll of enchant armour {unknown}
 y - a scroll of holy word {unknown}
Potions
 c - 2 potions of might
 e - 2 potions of brilliance
 p - 3 potions of heal wounds {unknown}
 q - a potion of invisibility {unknown}
 u - 2 potions of lignification
 v - a potion of attraction
 w - 2 potions of flight
 z - a potion of mutation {unknown}
 A - 2 potions of magic {unknown}


   Skills:
 * Level 5.5 Fighting
 * Level 5.0 Dodging
 + Level 2.0 Stealth
 + Level 3.1 Shields
 + Level 6.9 Unarmed Combat
 - Level 2.1 Spellcasting
 + Level 8.1 Transmutations
 + Level 0.5 Evocations


You had 4 spell levels left.
You knew the following spells:

 Your Spells              Type           Power        Failure   Level
a - Beastly Appendage     Tmut           ###...       1%          1
b - Wereblood             Tmut           ###.....     1%          2
c - Blade Hands           Tmut           ###.......   11%         5

Your spell library contained the following spells:

 Spells                   Type           Power        Failure   Level
 Spider Form              Tmut/Pois      ##........   6%          3
 Animate Skeleton         Necr           #.....       11%         1
 Pain                     Necr           #...         11%         1
 Summon Small Mammal      Summ           #...         11%         1
 Call Imp                 Summ           #.......     16%         2
 Ice Form                 Ice/Tmut       ##......     19%         4
 Call Canine Familiar     Summ           #.......     30%         3
 Summon Guardian Golem    Hex/Summ       #.......     30%         3
 Vampiric Draining        Necr           #.........   30%         3
 Animate Dead             Necr           #.........   67%         4
 Summon Ice Beast         Ice/Summ       #.......     67%         4
 Summon Lightning Spire   Summ/Air       #.......     67%         4
 Agony                    Necr           #.......     94%         5


Dungeon Overview and Level Annotations

Branches:
Dungeon (8/15)             Temple (0/1) D:7
   Lair: D:8-11

Altars:
Makhleb
Ru

Shops:
D:6 !

Annotations:
D:6 2 transporters
D:8 Harold


Innate Abilities, Weirdness & Mutations

You can walk through water.
Your dull iron-grey scales are very hard. (AC +12)
You cannot fit into any form of body armour.
You can survive without breathing.
You are cold-blooded and may be slowed by cold attacks.
You have a pair of horns on your head.
You have razor-sharp toenails.


Message History

Press: ? - help, Shift-Dir - straight line, f - Harold
Aim: Harold, wielding a +0 short sword, wearing a +0 chain mail, quivering a throwing net and carrying a wand of acid (9) (chance to defeat MR: 32%) Harold easily resists.
The now-empty wand crumbles to dust.
Harold throws a throwing net.
The throwing net hits you.
You become entangled in the net!
You struggle against the net.
You struggle against the net.
Harold zaps a wand.
The bolt of acid hits you. The acid corrodes you!
You are splashed with acid!
Unknown command.
You struggle against the net.
Harold zaps a wand.
The bolt of acid hits you! The acid corrodes you!
You are splashed with acid!
* * * LOW HITPOINT WARNING * * *
Unknown command.
Okay, then.
Okay, then.
Okay, then.
You feel better.
Harold zaps a wand.
The bolt of acid hits you!!
* * * LOW HITPOINT WARNING * * *
The acid corrodes you!
You are splashed with acid!
You die...

#. ## #.# . .#
#.# #####.###.#
#.# .......#.#
#.# ###.......
#.#
........>#..##.#
#.# #..#
#...).....# #.#
#..#
#....#######.####
#..#
#....@@.........#
#..#
####.##########.#
#..# #.# #....^#
#####..#### #.#
#.#####
...)......# #.#
#.#
.#####.##.####.#
#.# .#
#.........# #.#
.# ####.######
#.# .#
#.###########.#


You could see Harold.

Vanquished Creatures
  Pikel (D:6)
  A water moccasin (D:5)
  2 orc warriors (D:7)
  An ice beast (D:5)
  A necrophage (D:7)
  7 ogres
  A centaur (D:5)
  3 bullfrogs
  3 scorpions
  3 wights
  A bullfrog skeleton (D:6)
  4 hounds
  A jelly (D:5)
  4 orc priests
  An orc wizard (D:7)
  A centaur skeleton (D:7)
  Ijyb (D:5)
  2 worker ants (D:5)
  A killer bee zombie (D:5)
  A hound skeleton (D:7)
  11 gnolls
  7 adders
  A shadow imp (D:6)
  3 white imps
  2 ufetubi
  An ooze (D:1)
  2 adder skeletons
  6 worms
  4 dart slugs
  4 leopard geckos
  21 orcs
  6 giant cockroaches
  11 goblins
  6 hobgoblins
  11 jackals
  A quokka (D:3)
  2 ball pythons
  4 bats
  5 frilled lizards
  4 kobolds
  A quokka zombie (D:6)
  7 rats
160 creatures vanquished.

Vanquished Creatures (others)
  2 orcs (D:8)
2 creatures vanquished.

Grand Total: 162 creatures vanquished

Notes
Turn   | Place    | Note
-------+----------+-------------------------------------------
     0 | D:1      | marklar909 the Draconian Transmuter began the quest for the
                  | Orb.
     0 | D:1      | Reached XP level 1. HP: 16/16 MP: 3/3
   295 | D:1      | Reached XP level 2. HP: 22/23 MP: 3/5
  1214 | D:2      | Reached XP level 3. HP: 28/28 MP: 4/6
  1711 | D:2      | Reached XP level 4. HP: 21/35 MP: 5/7
  1714 | D:2      | Reached skill level 1 in Shields
  1729 | D:2      | Learned a level 2 spell: Wereblood
  2411 | D:3      | Noticed a centaur
  2495 | D:3      | You fall into a shaft and drop 3 floors!
  2683 | D:6      | Found Bismagru's Distillery.
  2741 | D:6      | Reached skill level 3 in Transmutations
  2741 | D:6      | Reached XP level 5. HP: 38/41 MP: 4/8
  2748 | D:5      | Entered Level 5 of the Dungeon
  2795 | D:5      | Noticed Ijyb
  2797 | D:5      | Killed Ijyb
  3024 | D:5      | Noticed an ogre
  3029 | D:5      | Killed an ogre
  3030 | D:5      | Reached XP level 6. HP: 50/50 MP: 5/9
  3121 | D:5      | Found a burning altar of Makhleb.
  3142 | D:5      | Reached skill level 4 in Transmutations
  3145 | D:5      | Reached skill level 1 in Stealth
  3159 | D:5      | Became a worshipper of Makhleb the Destroyer
  3504 | D:4      | Your scales start taking on a dull iron-grey colour.
  3504 | D:4      | Reached XP level 7. HP: 20/57 MP: 7/10
  3504 | D:4      | Gained mutation: You can survive without breathing. [Grey
                  | Draconian growth]
  4172 | D:3      | Reached * piety under Makhleb
  4595 | D:3      | Learned a level 5 spell: Blade Hands
  4809 | D:4      | Reached skill level 5 in Transmutations
  5204 | D:4      | Reached skill level 5 in Unarmed Combat
  5587 | D:5      | Reached XP level 8. HP: 50/64 MP: 8/11
  5734 | D:5      | Reached skill level 6 in Transmutations
  6821 | D:6      | Noticed Pikel
  6824 | D:6      | Found a sacrificial altar of Ru.
  6850 | D:6      | Killed Pikel
  6851 | D:6      | Reached skill level 7 in Transmutations
  6941 | D:6      | Bought a potion of degeneration for 12 gold pieces
  6941 | D:6      | Bought a potion of lignification for 36 gold pieces
  6941 | D:6      | Bought a potion of attraction for 36 gold pieces
  6941 | D:6      | Bought a potion of flight for 36 gold pieces
  7217 | D:6      | Found a transporter.
  7412 | D:6      | Found a transporter.
  7626 | D:7      | Reached XP level 9. HP: 72/72 MP: 10/12
  7725 | D:7      | Reached ** piety under Makhleb
  7875 | D:7      | Found a staircase to the Ecumenical Temple.
  7908 | D:7      | Reached skill level 5 in Fighting
  8594 | D:7      | Reached skill level 5 in Dodging
  8594 | D:7      | Reached skill level 8 in Transmutations
  9003 | D:8      | Noticed Harold
  9021 | D:8      | HP: 2/74 [Harold/bolt of acid (18)]
  9021 | D:8      | Splashed by Harold's acid

Illustrated notes

Levels and vault maps discovered:
D:1:      dpeg_arrival_houses_and_road, layout_loops_ring, minmay_door_square,
          corexii_leaking_fountain
D:2:      layout_loops_ring, dk_noncrumbling_4, minmay_close_crescents
D:3:      layout_basic, lightli_corner_chamber
D:4:      layout_loops_ring, hangedman_decor_lopped
D:5:      layout_basic, makhleb_heckhound_becter, uniq_ijyb
D:6:      gammafunk_cloud_chamber, layout_gridville, nicolae_ru_awakened_eye,
          serial_shops, nicolae_shop_window_shopping, uniq_pikel
D:7:      layout_loops_ring, minmay_temple_entry_hall
D:8:      layout_loops_ring, grunt_decor_junction, uniq_harold

Skill      XL: |  1  2  3  4  5  6  7  8  9 |
---------------+----------------------------+-----
Dodging        | 2 3 4 5 |  5.0
Shields        | 1 2 3 |  3.1
Fighting       | 2 3 4 5 |  5.5
Transmutations | 3 4 5 7 8 |  8.1
Unarmed Combat | 4 5 6 |  6.9
Stealth        | 1 2 |  2.0
Spellcasting   | |  2.1
Evocations     | |  0.5

Action                   |  1- 3 |  4- 6 |  7- 9 || total
-------------------------+-------+-------+-------++-------
Melee: Unarmed           |    83 |   126 |   371 ||   580
       Kick              |    12 |    24 |    93 ||   129
       Headbutt          |     8 |    16 |    59 ||    83
       Tailslap          |     5 |    16 |    45 ||    66
 Cast: Beastly Appendage |    27 |    20 |    54 ||   101
       Wereblood         |       |    13 |    48 ||    61
Evoke: Wand              |       |     6 |     1 ||     7
  Use: Scroll            |       |       |     3 ||     3
       Potion            |       |       |     1 ||     1
 Stab: Sleeping          |     1 |       |       ||     1
Armor: Skin              |    18 |    25 |    97 ||   140
Dodge: Dodged            |    34 |    63 |   238 ||   335
Block: Buckler           |    13 |    29 |   113 ||   155

Table legend: (Time is in decaauts)
 A = Elapsed time spent in this place.
 B = Non-inter-level travel time spent in this place.
 C = Inter-level travel time spent in this place.
 D = Time resting spent in this place.
 E = Time spent auto-exploring this place.
 F = Levels seen in this place.
 G = Mean time per level.
                   A        B        C        D        E       F      G
               +--------+--------+--------+--------+--------+-----+--------+
         Total |   8980 |   8720 |    260 |    379 |   7075 |   8 | 1122.5 |
       Dungeon |   8980 |   8720 |    260 |    379 |   7075 |   8 | 1122.5 |
               +--------+--------+--------+--------+--------+-----+--------+

Top non-repeatable levels by time:
     D:5: 1966 daAuts
     D:4: 1215 daAuts
     D:7: 1213 daAuts
     D:6: 1163 daAuts
     D:3: 1160 daAuts
     D:2: 1092 daAuts
     D:1: 973 daAuts
     D:8: 195 daAuts
